 Dungeon Crawl Stone Soup version 0.19-a0-805-g0a78ef0 (webtiles) character file.

373 George the Cleaver (level 6, -2/51 HPs)
             Began as a Hill Orc Fighter on June 27, 2016.
             Slain by a phantom (6 damage)
             ... on level 4 of the Dungeon.
             The game lasted 00:05:22 (3281 turns).

George the Cleaver (Hill Orc Fighter)               Turns: 3281, Time: 00:05:22

Health: -2/51      AC: 10    Str: 21    XL:     6   Next: 71%
Magic:  6/6        EV:  7    Int:  8    God:
Gold:   165        SH: 10    Dex: 10    Spells: 0 memorised, 5 levels left

rFire  . . .     SeeInvis .     a - +0 war axe
rCold  . . .     Gourm    +     b - +0 scale mail
rNeg   . . .     Faith    .     c - +1 shield
rPois  .         Spirit   .     y - +0 helmet
rElec  .         Dismiss  .     u - +0 cloak
rCorr  .         Reflect  .     s - +0 pair of gloves
SustAt .         Harm     .     (no boots)
MR     .....                    r - amulet of the gourmand
Stlth  ..........               (no ring)
                                E - ring of wizardry

@: slowed, very slow, not resistant to hostile enchantments, extremely
unstealthy
A: no striking features
a: no special abilities


You were on level 4 of the Dungeon.
You were very full.

You visited 1 branch of the dungeon, and saw 4 of its levels.

You collected 165 gold pieces.

Inventory:

Hand Weapons
 a - a +0 war axe (weapon)
Armour
 b - a +0 scale mail (worn)
 c - a +1 shield (worn)
 s - a +0 pair of gloves (worn)
 u - a +0 cloak (worn)
 y - a +0 helmet (worn)
Jewellery
 r - an amulet of the gourmand (around neck)
 E - a ring of wizardry (left hand)
Scrolls
 i - 7 scrolls of identify
 w - 2 scrolls of teleportation
Potions
 d - a potion of might
 k - a potion of magic
 l - a potion of flight {unknown}
 m - 2 potions of invisibility {unknown}
 o - a potion of experience {unknown}
 p - a potion of resistance {unknown}
 v - a potion of haste {unknown}
 A - a potion of degeneration {unknown}
 B - a potion of agility {unknown}
 C - 2 potions of heal wounds {unknown}
Comestibles
 f - 4 bread rations
 j - 2 fruits
 F - a beef jerky


   Skills:
 - Level 3.6 Fighting
 + Level 9.1 Axes
 - Level 3.2 Armour
 - Level 3.2 Shields


You had 5 spell levels left.
You didn't know any spells.

Dungeon Overview and Level Annotations

Branches:
Dungeon (4/15)
 Temple: D:4-7

Altars:
Nemelex Xobeh
Zin
The Shining One

Annotations:
D:4 Natasha


Message History

You barely miss Natasha. You hit the crimson imp.
The crimson imp is lightly wounded.
Natasha zaps a wand.
You feel as though you will be slow longer.
The crimson imp hits you.
* * * LOW HITPOINT WARNING * * *
You block Natasha's attack.
You closely miss Natasha. You miss the crimson imp.
The crimson imp is lightly wounded.
You hit the crimson imp.
The crimson imp is heavily wounded.
Your shield and scale mail prevent you from hitting the phantom.
The phantom is severely damaged.
The phantom hits you!
* * * LOW HITPOINT WARNING * * *
The crimson imp hits you.
* * * LOW HITPOINT WARNING * * *
The crimson imp hits you but does no damage.
Natasha zaps a wand.
You resist with some effort. The phantom hits you.
You die...

#..###.#.#.♣P..♣(...#.....
#......#.♣♣♣...♣....#.....
#.###..#♣ ♣P.P♣...........
........♣ ..♣♣.........#.
#.......♣ ♣♣♣##.#.##.##
####....♣ ♣♣....#......
#####...♣ ♣..........#..
#.......♣.
♣♣♣...5.........
#........♣♣♣....@h.#.##.#.
#...........>..5.W.......
...............#.#.#.##.#
....................... #
))##.#######.###.#.#.###
#)†...... #.# #.#.#...
...###### #.# #.. # ###
.#..# ... .... . .... ..#
..


You could see a phantom, Natasha and 2 crimson imps.

Vanquished Creatures
  An orc wizard (D:4)
  An orc priest (D:4)
  A jelly (D:4)
  Natasha (D:4)
  2 worker ants (D:4)
  A killer bee zombie (D:3)
  3 gnolls (D:3)
  7 adders
  2 oozes (D:2)
  4 worms
  4 dart slugs
  4 giant geckos
  3 orcs
  4 giant cockroaches
  6 hobgoblins
  3 quokkas
  7 bats
  3 giant newts
  9 goblins
  8 kobolds
  10 rats
  A fungus (D:1)
85 creatures vanquished.

Notes
Turn   | Place    | Note
--------------------------------------------------------------
     0 | D:1      | George the Hill Orc Fighter began the quest for the Orb.
     0 | D:1      | Reached XP level 1. HP: 19/19 MP: 1/1
    66 | D:1      | Reached skill level 3 in Axes
   234 | D:1      | Reached XP level 2. HP: 26/26 MP: 2/2
   383 | D:1      | Reached skill level 4 in Axes
   735 | D:1      | Reached XP level 3. HP: 26/31 MP: 3/3
  1153 | D:2      | Reached skill level 5 in Axes
  1243 | D:2      | Found a sparkling altar of Nemelex Xobeh.
  1268 | D:2      | Reached XP level 4. HP: 39/39 MP: 4/4
  1314 | D:2      | Found a glowing golden altar of the Shining One.
  1441 | D:2      | Found a glowing silver altar of Zin.
  1732 | D:2      | Reached skill level 6 in Axes
  2328 | D:3      | Reached XP level 5. HP: 41/45 MP: 5/5
  2399 | D:3      | Reached skill level 7 in Axes
  3012 | D:4      | Noticed Natasha
  3018 | D:4      | Killed Natasha
  3018 | D:4      | Reached skill level 8 in Axes
  3018 | D:4      | Reached XP level 6. HP: 44/51 MP: 6/6
  3203 | D:4      | Reached skill level 9 in Axes
  3257 | D:4      | Noticed a phantom
  3271 | D:4      | Noticed Natasha
  3281 | D:4      | Slain by a phantom

Vault maps used:
D:1:      onia_arrival_mini_maze, kennysheep_boxes
D:2:      lemuel_round_altar, nicolae_tso_swordbearing_angel, marbit_many_paths,
          kennysheep_generic_room_2
D:3:      first_bread
D:4:      lemuel_crystal_altar, grunt_qazlal_clouds, kennysheep_mini,
          vehumet_crystals, serial_forest, infiniplex_forest_zigzag_2,
          infiniplex_forest_end_2, infiniplex_forest_clump_double,
          infiniplex_forest_end_3, infiniplex_forest_straight_2,
          infiniplex_forest_clump_diagonal, gup_sewer_entry_spiral, uniq_natasha

Skill      XL: |  1  2  3  4  5  6 |
---------------+-------------------+-----
Axes           | 3 4 5 6 8 9 |  9.1
Fighting       | |  3.6
Armour         | |  3.2
Shields        | |  3.2

Action                   |  1- 3 |  4- 6 || total
-------------------------+-------+-------++-------
Melee: War axe           |   110 |   228 ||   338
  Use: Scroll            |       |     8 ||     8
  Eat: Chunk             |     1 |    18 ||    19
Armor: Scale mail        |    37 |   128 ||   165
Dodge: Dodged            |    29 |    66 ||    95
Block: Shield            |    46 |   126 ||   172
